 Dungeon Crawl Stone Soup version 0.25-a0-785-gb22c70e859 (webtiles) character file.

Game seed: 12472671210421570539, levelgen mode: deterministic

198 Joeren the Changer (level 5, 0/44 HPs)
             Began as a Naga Transmuter on Apr 17, 2020.
             Slain by an ogre
             ... wielding a +0 giant club
              (30 damage)
             ... on level 4 of the Dungeon.
             The game lasted 00:11:43 (3278 turns).

Joeren the Changer (Naga Transmuter)                Turns: 3278, Time: 00:11:43

Health: 0/44       AC:  2    Str: 12    XL:     5   Next: 76%
Magic:  6/9        EV: 19    Int: 14    God:
Gold:   154        SH:  0    Dex: 17    Spells: 4/10 levels left

rFire    . . .     SeeInvis +     - Unarmed
rCold    . . .     Gourm    .   (shield currently unavailable)
rNeg     . . .     Faith    .   (armour currently unavailable)
rPois    x         Spirit   .   (helmet currently unavailable)
rElec    .         Reflect  .   (cloak currently unavailable)
rCorr    .         Harm     .   (gloves currently unavailable)
MR       .....                  (no barding)
Stlth    ++........             (no amulet)
HPRegen  0.14/turn              (no ring)
MPRegen  0.11/turn              (no ring)

@: spider-form
A: tiny, see invisible, slow metabolism 1, spit poison 1, AC +1
a: Spit Poison, End Transformation


You were on level 4 of the Dungeon.
You were not hungry.
You were a venomous arachnid creature.
You visited 1 branch of the dungeon, and saw 4 of its levels.

You collected 154 gold pieces.

Inventory:

Missiles
 a - 67 arrows
 c - 33 stones (quivered)
 f - 39 poisoned darts
Armour
 b - a +0 robe (melded)
 h - a +2 naga barding of flying (melded)
Scrolls
 e - 2 scrolls of remove curse {unknown}
 g - 2 scrolls of enchant weapon {unknown}
 i - 2 scrolls of identify {unknown}
 j - a scroll of enchant armour {unknown}
 l - a scroll of amnesia {unknown}
 n - 3 scrolls of teleportation {unknown}
 o - 2 scrolls of random uselessness {unknown}
Potions
 k - a potion of mutation {unknown}
 m - a potion of brilliance {unknown}
 q - a potion of stabbing {unknown}
Comestibles
 d - 6 rations
 p - 5 chunks of flesh


   Skills:
 - Level 1.0 Fighting
 - Level 2.0 Dodging
 - Level 3.0 Unarmed Combat
 + Level 3.3 Spellcasting
 * Level 4.7 Transmutations


You had 4 spell levels left.
You knew the following spells:

 Your Spells              Type           Power        Failure   Level  Hunger
a - Beastly Appendage     Tmut           ###...       11%         1    #......
b - Sticks to Snakes      Tmut           ###.....     13%         2    ##.....
c - Spider Form           Tmut/Pois      #.........   45%         3    ###....

Your spell library contained the following spells:

 Spells                   Type           Power        Failure   Level  Hunger
 Ice Form                 Ice/Tmut       #.......     80%         4    #####..
 Blade Hands              Tmut           ###.......   82%         5    ######.


Dungeon Overview and Level Annotations

Branches:
Dungeon (4/15)
 Temple: D:4-7

Altars:
Wu Jian


Innate Abilities, Weirdness & Mutations

You cannot wear boots.
((Your serpentine skin is tough. (AC +1)))
You have supernaturally acute eyesight. (SInv)
((Armour fits poorly on your strangely shaped body.))
((Your system is resistant to poisons. (rPois)))
((You cover ground very slowly.))
You have a slow metabolism.
You can spit poison.


Message History

Casting: Beastly Appendage (safe; 3% risk of failure)
Confirm with . or Enter, or press ? or * to list all spells.
Your horns disappear.
You turn into a venomous arachnid creature.
Your +2 naga barding of flying melds into your body.
Your +0 robe melds into your body.
You float gracefully downwards.
You can't do that in your present form.
You can't do that in your present form.
You see here 24 stones.
You hit the ogre.
The ogre is poisoned.
The ogre is lightly wounded.
The ogre hits you with a +0 giant club!
You hit the ogre.
The ogre is moderately wounded.
The ogre closely misses you.
You hit the ogre.
The ogre looks as sick as possible!
The ogre is severely wounded.
The ogre hits you with a +0 giant club!!
Ouch! That really hurt!
You die...

#####.#
#.# #.#
#.# #.#
#.# #.#
#.# #s#
#O# #.#
#.# #.#
#.# ..#
###


You could see an ogre.

Vanquished Creatures
  A howler monkey (D:4)
  2 worker ants (D:4)
  4 gnolls (D:2)
  2 adders (D:4)
  A worm (D:2)
  A dart slug (D:1)
  2 leopard geckos
  3 bats
  2 giant cockroaches
  10 goblins
  7 hobgoblins
  3 quokkas
  3 kobolds (D:2)
  6 rats
47 creatures vanquished.

Notes
Turn   | Place    | Note
-------+----------+-------------------------------------------
     0 | D:1      | Joeren the Naga Transmuter began the quest for the Orb.
     0 | D:1      | Reached XP level 1. HP: 18/18 MP: 3/3
   296 | D:1      | Reached XP level 2. HP: 12/25 MP: 3/5
  1572 | D:1      | Reached XP level 3. HP: 25/31 MP: 4/6
  1890 | D:1      | Learned a level 2 spell: Sticks to Snakes
  1894 | D:1      | Learned a level 3 spell: Spider Form
  1993 | D:2      | Found an ornate altar of the Wu Jian Council.
  2144 | D:2      | Reached skill level 3 in Transmutations
  2423 | D:2      | Reached XP level 4. HP: 38/38 MP: 4/7
  3121 | D:4      | Reached skill level 4 in Transmutations
  3121 | D:4      | Reached XP level 5. HP: 38/44 MP: 5/9
  3271 | D:4      | Noticed an ogre
  3278 | D:4      | Slain by an ogre

Levels and vault maps discovered:
D:1:      dpeg_arrival_rhombi, layout_basic
D:2:      layout_basic, lemuel_crystal_altar, first_ration
D:3:      layout_loops_ring, nrook_mini_backslash, minmay_misc_feat_chi
D:4:      layout_loops_ring, lemuel_temple_firewalk_b,
          nicolae_ossuary_entry_plus, guppyfry_shop_venom

Skill      XL: |  1  2  3  4  5 |
---------------+----------------+-----
Dodging        | 2 |  2.0
Transmutations | 3 4 |  4.7
Spellcasting   | 3 |  3.3
Fighting       | |  1.0
Unarmed Combat | |  3.0

Action                   |  1- 3 |  4- 6 || total
-------------------------+-------+-------++-------
Melee: Unarmed           |   121 |    74 ||   195
       Headbutt          |    20 |     7 ||    27
Throw: Stone             |    35 |     6 ||    41
 Cast: Beastly Appendage |    25 |     8 ||    33
       Spider Form       |     1 |     3 ||     4
 Abil: End Transformatio |       |     1 ||     1
 Stab: Sleeping          |       |     1 ||     1
  Eat: Chunk             |     4 |     3 ||     7
Armor: Robe              |    24 |    36 ||    60
Dodge: Dodged            |    69 |    37 ||   106

Table legend:
 A = Non-vault XP
 B = Vault XP
 C = Vault XP percentage of total XP
 D = Non-vault monster count
 E = Vault monster count
 F = Vault count percentage of total count
                 A         B        C        D         E       F
            +---------+---------+-------+---------+---------+-------
      Total |     283 |       0 |   0.0 |      47 |       0 |   0.0
            +---------+---------+-------+---------+---------+-------
        D:1 |      35 |       0 |   0.0 |      18 |       0 |   0.0
        D:2 |      87 |       0 |   0.0 |      19 |       0 |   0.0
        D:3 |       7 |       0 |   0.0 |       3 |       0 |   0.0
        D:4 |     154 |       0 |   0.0 |       7 |       0 |   0.0
            +---------+---------+-------+---------+---------+-------
